 Dungeon Crawl Stone Soup version 0.29.0-11-gd7f09526c8 (webtiles) character file.

Game seed: 13927014587875746025

148 RascalDebosk the Shooter (level 5, -1/45 HPs)
             Began as a Minotaur Hunter on Sept 3, 2022.
             Slain by a gnoll
             ... wielding a +0 flail
              (8 damage)
             ... on level 4 of the Dungeon.
             The game lasted 00:24:18 (2965 turns).

RascalDebosk the Shooter (Minotaur Hunter)          Turns: 2965, Time: 00:24:19

Health: -1/45      AC:  6    Str: 15    XL:     5   Next: 8%
Magic:  5/5        EV: 11    Int:  6    God:
Gold:   182        SH:  0    Dex: 16    Spells: 4/4 levels left

rFire   . . .      SeeInvis .   a - +0 shortbow
rCold   . . .      Faith    .   (shield currently unavailable)
rNeg    . . .      Spirit   .   j - +0 ring mail
rPois   .          Reflect  .   (helmet restricted)
rElec   .          Harm     .   (no cloak)
rCorr   .          Rampage  .   (no gloves)
Will    +....                   q - +0 pair of boots
Stlth   +.........              (no amulet)
HPRegen 0.15/turn               s - ring of willpower
MPRegen 0.09/turn               v - ring of flight

@: flying
A: horns 2, retaliatory headbutt
a: no special abilities


You were on level 4 of the Dungeon.
You visited 1 branch of the dungeon, and saw 4 of its levels.

You collected 182 gold pieces.

Inventory:

Hand Weapons
 a - a +0 shortbow (weapon)
 t - a +1 short sword of freezing
Armour
 j - a +0 ring mail (worn)
 q - a +0 pair of boots (worn)
Jewellery
 s - a ring of willpower (left hand)
 v - a ring of flight (right hand)
Scrolls
 b - 3 scrolls of immolation
 c - a scroll of brand weapon {unknown}
 d - 2 scrolls of teleportation {unknown}
 g - a scroll of enchant armour {unknown}
 i - a scroll of fog {unknown}
 k - a scroll of silence {unknown}
 l - a scroll of amnesia {unknown}
 m - 3 scrolls of blinking {unknown}
 p - a scroll of identify {unknown}
 u - a scroll of acquirement {unknown}
 w - a scroll of summoning {unknown}
Potions
 e - a potion of lignification {unknown}
 f - 2 potions of attraction {unknown}
 h - a potion of might {unknown}
 n - a potion of magic {unknown}
 o - a potion of flight {unknown}
 r - a potion of curing {unknown}
 x - a potion of mutation {unknown}


   Skills:
 + Level 3.2 Fighting
 + Level 4.7 Ranged Weapons
 + Level 2.8 Dodging
 + Level 1.5 Stealth
 * Level 2.3 Invocations
 * Level 1.9 Evocations


You had 4 spell levels left.
You didn't know any spells.
Your spell library contained the following spells:

 Spells                   Type           Power      Damage    Failure   Level
 Confusing Touch          Hex            0%         N/A       96%         3
 Gell's Gravitas          Tloc           0%         N/A       96%         3
 Ozocubu's Armour         Ice            0%         N/A       96%         3
 Teleport Other           Tloc           0%         N/A       96%         3
 Metabolic Englaciation   Hex/Ice        0%         N/A       100%        5
 Yara's Violent Unravell  Hex/Tmut       0%         3d3       100%        5
 Dispersal                Tloc           0%         N/A       100%        6
 Simulacrum               Ice/Necr       0%         N/A       100%        6
 Enfeeble                 Hex            0%         N/A       100%        7
 Borgnjor's Revivificati  Necr           0%         N/A       100%        8
 Necromutation            Tmut/Necr      0%         N/A       100%        8
 Death's Door             Necr           0%         N/A       100%        9


Dungeon Overview and Level Annotations

Branches:
Dungeon (4/15)
 Temple: D:4-7

Altars:
Ashenzari
Fedhas
Vehumet

Annotations:
D:3 exclusion: oklob plant


Innate Abilities, Weirdness & Mutations

You have a pair of horns on your head.
You reflexively headbutt those who attack you in melee.


Message History

The jelly quivers.
The gnoll shouts!
The arrow hits the quokka.
You kill the quokka!
The dart slug launches a dart at you. The slug dart hits you.
The gnoll hits you from afar with a +0 spear.
Fire: a) +0 shortbow
Press: ? - help, Q - select action Shift-Dir - straight line, f - dart slug
Aim: a dart slug (94% to hit)
You shoot an arrow. The arrow hits the dart slug.
The dart slug is moderately wounded.
The gnoll completely misses you.
The gnoll hits you from afar with a +0 spear.
The dart slug bites you but does no damage.
The gnoll hits you but does no damage. The gnoll completely misses you.
Fire: a) +0 shortbow
Press: ? - help, Q - select action Shift-Dir - straight line, f/p - dart slug
Aim: a dart slug (moderately wounded, 94% to hit)
You shoot an arrow.
The arrow hits the dart slug but does no damage.
The dart slug is moderately wounded.
The dart slug closely misses you.
The gnoll hits you from afar with a +0 halberd!
The gnoll hits you but does no damage.
The gnoll hits you from afar with a +0 spear.
Fire: a) +0 shortbow
Press: ? - help, Q - select action Shift-Dir - straight line, f/p - dart slug
Aim: a dart slug (moderately wounded, 94% to hit)
You shoot an arrow.
The arrow completely misses the dart slug.
The arrow hits the gnoll.
The gnoll is moderately wounded.
The gnoll hits you but does no damage.
The gnoll hits you from afar with a +0 spear.
* * * LOW HITPOINT WARNING * * *
The gnoll hits you from afar with a +0 spear.
* * * LOW HITPOINT WARNING * * *
The gnoll hits you with a +0 flail!
You die...

... .... #
.. ..# .#..
..# ... ..#
#..#.#
#..#.#######
#....gg.....
#@wgJ....
#)†g.....
.........
###.......
....)..
.......
.......
....$..


You could see a jelly, 4 gnolls and a dart slug.

Vanquished Creatures
  A hound (D:2)
  A gnoll (D:1)
  4 adders
  A worm (D:3)
  A dart slug (D:1)
  7 bats
  6 endoplasms
  3 giant cockroaches
  8 hobgoblins
  A jackal (D:2)
  3 quokkas
  4 ball pythons
  4 frilled lizards
  9 goblins
  7 kobolds
  7 rats
67 creatures vanquished.

Vanquished Creatures (others)
  18 toadstools (D:3)
18 creatures vanquished.

Grand Total: 85 creatures vanquished

Notes
Turn   | Place    | Note
-------+----------+-------------------------------------------
     0 | D:1      | RascalDebosk the Minotaur Hunter began the quest for the
                  | Orb.
     0 | D:1      | Reached XP level 1. HP: 18/18 MP: 0/0
    22 | D:1      | Reached XP level 2. HP: 25/25 MP: 1/1
    38 | D:1      | Reached skill level 1 in Stealth
   136 | D:1      | Reached skill level 1 in Invocations
   277 | D:1      | Found a faded altar of an unknown god.
   359 | D:1      | Reached skill level 1 in Evocations
   614 | D:1      | Reached XP level 3. HP: 30/30 MP: 2/2
  1302 | D:2      | Reached XP level 4. HP: 25/37 MP: 4/4
  1815 | D:2      | Identified the +5 trident "Xeizetio" {vorpal, Dex+6}
  2154 | D:3      | Found a radiant altar of Vehumet.
  2355 | D:3      | Found a blossoming altar of Fedhas.
  2379 | D:3      | Noticed an oklob plant
  2517 | D:3      | Reached XP level 5. HP: 34/45 MP: 5/5
  2856 | D:3      | Found a broken altar of Ashenzari.
  2965 | D:4      | Slain by a gnoll

Illustrated notes

Levels and vault maps discovered:
D:1:      lightli_arrival_flooded_house, layout_basic,
          hellmonk_ecumenical_altar_leap_of_faith, minmay_shallow_snake_nest
D:2:      layout_basic, skrybe_limestone_x, dk_noncrumbling_4, minmay_vboxes
D:3:      layout_loops_ring, vehumet_crystals, lemuel_coloured_pillars_altar,
          tgw_fedhas, hangedman_abyss_or_decor_stabs, minmay_pentomino_pile
D:4:      layout_basic, temple_statues, gammafunk_ghost_nasty_kobolds

Skill      XL: |  1  2  3  4 |
---------------+-------------+-----
Stealth        | 1 |  1.5
Invocations    | 1 2 |  2.3
Evocations     | 1 |  1.9
Fighting       | 3 |  3.2
Ranged Weapons | |  4.7
Dodging        | |  2.8

Action                   |  1- 3 |  4- 6 || total
-------------------------+-------+-------++-------
 Fire: Shortbow          |    75 |   108 ||   183
Armor: Ring mail         |     9 |    35 ||    44
       Leather armour    |     1 |       ||     1
Dodge: Dodged            |    15 |    38 ||    53
